 Dungeon Crawl Stone Soup version 0.26-a0-771-g060e6a6 (webtiles) character file.

Game seed: 9931759176888358949

1677 MrTaco21 the Basher (level 9, -4/51 HPs)
             Began as a Gargoyle Fighter on Nov 8, 2020.
             Was a Believer of Okawaru.
             Slain by a troll (7 damage)
             ... on level 5 of the Dungeon.
             The game lasted 00:06:25 (6065 turns).

MrTaco21 the Basher (Gargoyle Fighter)              Turns: 6065, Time: 00:06:25

Health: -4/51      AC: 17    Str: 23    XL:     9   Next: 1%
Magic:  9/9        EV:  4    Int:  9    God:    Okawaru [**....]
Gold:   164        SH: 14    Dex:  9    Spells: 8/8 levels left

rFire    . . .     SeeInvis .   a - +0 flail
rCold    . . .     Faith    .   c - +0 kite shield
rNeg     + . .     Spirit   .   e - +0 plate armour
rPois    ∞         Reflect  +   (no helmet)
rElec    +         Harm     .   (no cloak)
rCorr    .         Rampage  .   (no gloves)
MR       .....                  (no boots)
Stlth    ..........             x - amulet of reflection
HPRegen  0.17/turn              (no ring)
MPRegen  0.11/turn              (no ring)

@: no status effects
A: negative energy resistance 1, electricity resistance, unbreathing,
petrification resistance, rot immunity, AC +6
a: Heroism, Renounce Religion


You were on level 5 of the Dungeon.
You worshipped Okawaru.
Okawaru was pleased with you.
You visited 1 branch of the dungeon, and saw 6 of its levels.

You collected 164 gold pieces.

Inventory:

Hand Weapons
 a - a +0 flail (weapon)
Missiles
 w - 16 poisoned darts (quivered)
Armour
 c - a +0 kite shield (worn)
 e - a +0 plate armour (worn)
   (You found it on level 1 of the Dungeon)
Jewellery
 x - an amulet of reflection (around neck)
   (You found it on level 6 of the Dungeon)
Wands
 t - a wand of enslavement (8)
   (You found it on level 5 of the Dungeon)
Scrolls
 b - 7 scrolls of identify {unknown}
 h - a scroll of enchant armour {unknown}
 j - 4 scrolls of enchant weapon {unknown}
 m - a scroll of magic mapping {unknown}
 n - 2 scrolls of fear {unknown}
 o - a scroll of fog {unknown}
 s - a scroll of blinking {unknown}
 u - 2 scrolls of teleportation {unknown}
 v - a scroll of remove curse {unknown}
Potions
 d - 2 potions of might
 f - a potion of mutation {unknown}
 g - a potion of degeneration {unknown}
 i - 2 potions of heal wounds {unknown}
 k - a potion of curing {unknown}
 l - a potion of flight {unknown}
 p - a potion of berserk rage {unknown}
 q - a potion of attraction {unknown}
 r - a potion of brilliance {unknown}


   Skills:
 - Level 3.2 Fighting
 + Level 11.2 Maces & Flails
 - Level 3.2 Armour
 - Level 3.2 Shields


You had 8 spell levels left.
You didn't know any spells.
Your spell library contained the following spells:

 Spells                   Type           Power        Failure   Level
 Confusing Touch          Hex            #.......     100%        3
 Gell's Gravitas          Tloc           #.........   100%        3
 Petrify                  Tmut/Erth      #.......     100%        4
 Metabolic Englaciation   Hex/Ice        #.........   100%        5
 Yara's Violent Unravell  Hex/Tmut       #.........   100%        5


Dungeon Overview and Level Annotations

Branches:
Dungeon (6/15)
 Temple: D:4-7

Altars:
Elyvilon
Fedhas
Hepliaklqana
Okawaru
Qazlal
Uskayaw
The Shining One

Shops:
D:5 }


Innate Abilities, Weirdness & Mutations

You are resistant to torment.
Your stone body is resilient. (AC +6)
You are immune to poison.
You resist negative energy. (rN+)
You are resistant to electric shocks. (rElec)
You can survive without breathing.
You are immune to petrification.
You are immune to rotting.


Message History

You block the troll's attack.
You barely miss the troll. You block the scorpion's attack.
The ogre barely misses you. The troll bites you. You block the troll's attack.
The troll claws you.
You sock the troll!
The scorpion stings you but does no damage.
The troll bites you but does no damage. The troll barely misses you.
The troll claws you.
You closely miss the troll. You block the ogre's attack.
You block the scorpion's attack.
You sock the troll! You block the troll's attack. x2
The troll completely misses you.
The scorpion stings you but does no damage.
The ogre hits you with a +0 giant spiked club!
* * * LOW HITPOINT WARNING * * *
You see here a leather armour.
There is a stone staircase leading down here.
The troll bites you.
* * * LOW HITPOINT WARNING * * *
You block the troll's attack. x2
You block the troll's attack. The troll claws you but does no damage.
You block the troll's attack.
A worker ant comes into view.
You block the worker ant's attack. The worker ant bites you.
* * * LOW HITPOINT WARNING * * *
The worker ant bites you.
* * * LOW HITPOINT WARNING * * *
Found 26 arrows.
Found an escape hatch in the ceiling.
The worker ant waves its antennae.
The worker ant bites you but does no damage.
There is a stone staircase leading up here.
The troll bites you but does no damage.
The troll claws you but does no damage. x2
You climb upwards.
There is a stone staircase leading down here.
The troll bites you but does no damage. The troll claws you!
* * * LOW HITPOINT WARNING * * *
You block the troll's attack.
There is an open door here.
There is an open door here.
There is an open door here.
You block the troll's attack. The troll claws you.
* * * LOW HITPOINT WARNING * * *
The troll claws you but does no damage.
You closely miss the troll. You barely miss the troll. The troll bites you!
* * * LOW HITPOINT WARNING * * *
The troll claws you!
You die...

#......#.....#......
#......#.....#......
#......'.....#......
#......#.....#......
#......#...[.#......
#......#.....#......
########..##.#.....#...#..
##...#..#.T########.######.
#.........@.# #..# #.
#...........# ##.## #.
#...........# ###...####.
#...........# #≈≈...≈≈##.
##...###...######≈..♣..≈#..
##...###...#..............#
#..........#<.....♣._.♣...#
#..........#...(.........##
#..........#....#≈..♣..≈##


You could see a troll.

Vanquished Creatures
  Grinder (D:4)
  Sigmund (D:2)
  Menkaure (D:5)
  2 phantoms
  A sky beast (D:5)
  3 ogres
  A bullfrog (D:6)
  A scorpion (D:6)
  A howler monkey (D:4)
  3 hounds
  An orc priest (D:4)
  2 orc wizards
  2 bullfrog skeletons
  Terence (D:2)
  An iguana (D:3)
  2 worker ants
  A killer bee zombie (D:6)
  A hound skeleton (D:4)
  6 adders
  2 oozes
  An adder skeleton (D:5)
  6 worms
  A dart slug (D:1)
  7 leopard geckos
  11 orcs
  3 ball pythons
  6 giant cockroaches
  4 hobgoblins
  2 jackals (D:6)
  3 quokkas (D:2)
  A ball python skeleton (D:5)
  7 bats
  4 frilled lizards
  4 goblins
  5 kobolds
  6 rats
105 creatures vanquished.

Notes
Turn   | Place    | Note
-------+----------+-------------------------------------------
     0 | D:1      | MrTaco21 the Gargoyle Fighter began the quest for the Orb.
     0 | D:1      | Reached XP level 1. HP: 14/14 MP: 1/1
   110 | D:1      | Reached XP level 2. HP: 19/19 MP: 2/2
   146 | D:1      | Reached skill level 3 in Maces & Flails
   959 | D:2      | Noticed an ogre
  1272 | D:2      | Reached XP level 3. HP: 23/23 MP: 3/3
  1399 | D:2      | Noticed Sigmund
  1438 | D:2      | Killed Sigmund
  1438 | D:2      | Reached skill level 5 in Maces & Flails
  1438 | D:2      | Reached XP level 4. HP: 12/28 MP: 4/4
  1438 | D:2      | Reached XP level 5. HP: 13/32 MP: 5/5
  1690 | D:2      | Killed an ogre
  1690 | D:2      | Reached skill level 6 in Maces & Flails
  1690 | D:2      | Reached XP level 6. HP: 16/37 MP: 6/6
  2082 | D:2      | Noticed Terence
  2089 | D:2      | Killed Terence
  2440 | D:3      | Found a hazy altar of Hepliaklqana.
  2494 | D:3      | Found a hide-covered altar of Uskayaw.
  2528 | D:3      | Found an iron altar of Okawaru.
  2706 | D:3      | Reached skill level 7 in Maces & Flails
  3116 | D:3      | Noticed a phantom
  3167 | D:3      | Killed a phantom
  3167 | D:3      | Reached XP level 7. HP: 25/41 MP: 7/7
  3530 | D:3      | Became a worshipper of Warmaster Okawaru
  3654 | D:4      | Reached skill level 8 in Maces & Flails
  3858 | D:4      | Noticed Grinder
  3887 | D:4      | Paralysed by Grinder for 5 turns
  3897 | D:4      | Paralysed by Grinder for 4 turns
  3909 | D:4      | Killed Grinder
  3909 | D:4      | Reached skill level 9 in Maces & Flails
  3909 | D:4      | Reached XP level 8. HP: 24/46 MP: 8/8
  4763 | D:4      | Reached * piety under Okawaru
  4885 | D:4      | Found a glowing golden altar of the Shining One.
  5063 | D:4      | Reached skill level 10 in Maces & Flails
  5171 | D:5      | Entered Level 5 of the Dungeon
  5230 | D:5      | Noticed Menkaure
  5237 | D:5      | Killed Menkaure
  5329 | D:5      | Found Ukolaod's Gadget Boutique.
  5349 | D:5      | Found a blossoming altar of Fedhas.
  5369 | D:5      | Found a stormy altar of Qazlal.
  5536 | D:5      | Found a white marble altar of Elyvilon.
  5777 | D:6      | Reached skill level 11 in Maces & Flails
  5877 | D:6      | Reached ** piety under Okawaru
  5877 | D:6      | Reached XP level 9. HP: 47/51 MP: 9/9
  5948 | D:6      | Noticed a troll
  6065 | D:5      | Slain by a troll

Illustrated notes

Levels and vault maps discovered:
D:1:      evilmike_arrival_crescent, layout_loops_ring
D:2:      minmay_diamond_boxcup, layout_loops_corners, roderic_serpentine_path,
          uniq_terence, uniq_sigmund
D:3:      layout_basic, nicolae_overflow_crystal_walls,
          overflow_temple_1_default, lemuel_crystal_altar
D:4:      layout_basic, lemuel_doored_altar, uniq_grinder
D:5:      layout_gridville, grunt_temple_overflow_forces_of_nature,
          elyvilon_altar_4, serial_shops, nicolae_shop_behind_doors,
          uniq_menkaure
D:6:      lemuel_insect_pit, layout_rooms, serial_shops,
          nicolae_shop_overgrown_old_shop, gammafunk_ghost_hive,
          grunt_ministairs_8

Skill      XL: |  1  2  3  4  5  6  7  8 |
---------------+-------------------------+-----
Maces & Flails | 3 5 6 7 9 11 | 11.2
Fighting       | |  3.2
Armour         | |  3.2
Shields        | |  3.2

Action                   |  1- 3 |  4- 6 |  7- 9 || total
-------------------------+-------+-------+-------++-------
Melee: Flail             |    87 |   165 |   260 ||   512
Armor: Scale mail        |    28 |       |       ||    28
       Plate armour      |    33 |    81 |   154 ||   268
Dodge: Dodged            |    29 |    23 |    29 ||    81
Block: Kite shield       |    46 |    74 |   110 ||   230

Table legend: (Time is in decaauts)
 A = Elapsed time spent in this place.
 B = Non-inter-level travel time spent in this place.
 C = Inter-level travel time spent in this place.
 D = Time resting spent in this place.
 E = Time spent auto-exploring this place.
 F = Levels seen in this place.
 G = Mean time per level.
                   A        B        C        D        E       F      G
               +--------+--------+--------+--------+--------+-----+--------+
         Total |   6121 |   5744 |    377 |    707 |   3908 |   6 | 1020.2 |
       Dungeon |   6121 |   5744 |    377 |    707 |   3908 |   6 | 1020.2 |
               +--------+--------+--------+--------+--------+-----+--------+

Top non-repeatable levels by time:
     D:2: 1643 daAuts
     D:4: 1561 daAuts
     D:3: 1191 daAuts
     D:1: 836 daAuts
     D:5: 639 daAuts
     D:6: 248 daAuts
